 Dungeon Crawl Stone Soup version 0.30.0-11-gf55b779eaf (webtiles) character file.

Game seed: 16656552104090876233

164 adizb the Ducker (level 5, -4/47 HPs)
             Began as a Gnoll Monk on May 17, 2023.
             Was a Believer of Dithmenos.
             Slain by an iron imp (8 damage)
             ... summoned by Eustachio
             ... on level 4 of the Dungeon.
             The game lasted 00:13:49 (2761 turns).

adizb the Ducker (Gnoll Monk)                       Turns: 2761, Time: 00:13:50

Health: -4/47      AC:  7    Str: 10    XL:     5   Next: 45%
Magic:  7/7        EV: 10    Int: 12    God:    Dithmenos [**....]
Gold:   48         SH:  0    Dex: 14    Spells: 7/7 levels left

rFire   . . .        a - +0 short sword
rCold   . . .        (no shield)
rNeg    . . .        v - +0 scale mail
rPois   .            (no helmet)
rElec   .            (no cloak)
rCorr   .            (no gloves)
SInv    .            w - +0 pair of boots
Will    .....        (no amulet) Stlth
                     (no ring)
HPRegen 0.27/turn    (no ring)
MPRegen 0.10/turn

%: no passive effects
@: confused, ambrosia-drunk, wreathed by umbra
A: fangs 1, strong nose, distributed training
a: Renounce Religion, Shadow Step


You were on level 4 of the Dungeon.
You worshipped Dithmenos.
Dithmenos was pleased with you.
You visited 1 branch of the dungeon, and saw 4 of its levels.

You collected 137 gold pieces.
You spent 89 gold pieces at shops.

Inventory:

Hand Weapons
 a - a +0 short sword (weapon)
Missiles
 e - a curare-tipped dart (quivered)
 h - 4 poisoned darts
 l - 5 atropa-tipped darts
Armour
 b - a +0 plate armour
 v - a +0 scale mail (worn)
 w - a +0 pair of boots (worn)
 y - an orb of mayhem
Wands
 z - a wand of digging (7)
Scrolls
 i - 2 scrolls of amnesia {unknown}
 j - 4 scrolls of identify
 m - 2 scrolls of teleportation {unknown}
 q - a scroll of fear {unknown}
 r - 2 scrolls of butterflies {unknown}
 s - a scroll of immolation {unknown}
 u - a scroll of enchant armour
 x - a scroll of poison {unknown}
Potions
 f - a potion of brilliance {unknown}
 g - 3 potions of lignification {unknown}
 k - a potion of resistance {unknown}
 n - 3 potions of curing {unknown}
 o - a potion of mutation {unknown}
 p - 2 potions of heal wounds {unknown}
 t - a potion of invisibility {unknown}


   Skills:
 + Level 6.7 Fighting
 + Level 6.7 Short Blades
 + Level 1.6 Long Blades
 + Level 1.6 Axes
 + Level 1.6 Maces & Flails
 + Level 1.6 Polearms
 + Level 1.6 Staves
 + Level 1.6 Ranged Weapons
 + Level 1.6 Throwing
 + Level 1.6 Armour
 + Level 6.7 Dodging
 + Level 1.6 Stealth
 + Level 1.6 Shields
 + Level 1.6 Unarmed Combat
 + Level 1.6 Spellcasting
 + Level 1.2 Conjurations
 + Level 1.2 Hexes
 + Level 1.2 Summonings
 + Level 1.2 Necromancy
 + Level 1.2 Translocations
 + Level 1.2 Transmutations
 + Level 1.2 Fire Magic
 + Level 1.2 Ice Magic
 + Level 1.2 Air Magic
 + Level 1.2 Earth Magic
 + Level 1.2 Poison Magic
 + Level 1.8 Invocations
 + Level 1.6 Evocations


You had 7 spell levels left.
You didn't know any spells.
Your spell library contained the following spells:

 Spells                   Type           Power      Damage    Failure   Level
 Static Discharge         Conj/Air       8%         2-3/arc   86%         2
 Ignite Poison            Fire/Tmut/Pois 4%         N/A       98%         3
 Airstrike                Air            2%         2d(1-17)  100%        4
 Sticky Flame             Conj/Fire      4%         2d3       100%        4
 Summon Lightning Spire   Summ/Air       4%         N/A       100%        4
 Ignition                 Fire           2%         3d3       100%        8


Dungeon Overview and Level Annotations

Branches:
Dungeon (4/15)
 Temple: D:4-7

Altars:
Cheibriados
Dithmenos
Ru

Shops:
D:2 *   D:3 ?

Annotations:
D:4 Eustachio


Innate Abilities, Weirdness & Mutations

You have very sharp teeth.
Your uncanny sense of smell can sniff out nearby items.
Your experience applies equally to all skills.


Message History

Aim: Eustachio, wielding a +0 rapier and wearing a +0 leather armour (lightly wounded, umbra, 51% to hit)
You throw a curare-tipped dart. The curare-tipped dart hits Eustachio.
Eustachio is poisoned.
Eustachio convulses.
Eustachio seems to slow down.
Eustachio is heavily wounded.
The white imp hits you. The white imp freezes you.
Eustachio hits you with a +0 rapier.
You hit Eustachio. You bite Eustachio, but do no damage.
Eustachio is heavily wounded.
The iron imp hits you but does no damage.
The white imp hits you but does no damage.
You closely miss Eustachio.
Eustachio is heavily wounded.
Eustachio mumbles some strange words.
Eustachio blinks!
The white imp gestures at you. The puff of frost hits you.
* * * LOW HITPOINT WARNING * * *
Throw: 2 darts (curare)
Press: ? - help, Q - select action, (/) - cycle Shift-Dir - straight line, f/p - Eustachio
Aim: Eustachio, wielding a +0 rapier and wearing a +0 leather armour (heavily wounded, very poisoned, slow, 51% to hit)
You throw a curare-tipped dart.
The curare-tipped dart closely misses Eustachio.
The iron imp hits you.
* * * LOW HITPOINT WARNING * * *
The ufetubus hits you but does no damage. x2
The white imp lashes its tail.
The white imp gestures at you. The puff of frost hits you!
* * * LOW HITPOINT WARNING * * *
You are confused.
You feel invigorated. The ufetubus closely misses you. x2
The iron imp hits you but does no damage.
The white imp barely misses you.
You hit the ufetubus but do no damage. Your bite misses the ufetubus.
The ufetubus closely misses you. The ufetubus hits you.
* * * LOW HITPOINT WARNING * * *
Eustachio mumbles some strange words.
Eustachio blinks!
The iron imp hits you!
You die...

###.#### #.#.. ∆
.......# #.#.#
....##.# #.#.#
###.##.# #.#.###
#.##.# #....(#
#.##.#
#....§###.#
#....#
#.......!.#
####.#
..###.55..#####
#.#
......5@........
#.#
..###.#.##.#####
# #.# (..#.# .#
######.# #####.#
.. ..<....# #..
#.. ######.# ###
.## #.# #.# #.#


You could see an iron imp (summoned), a white imp (summoned) and an ufetubus
(summoned).

Vanquished Creatures
  A hound (D:4)
  4 gnolls (D:4)
  3 adders
  A worm (D:3)
  An orc (D:3)
  5 ball pythons
  6 bats
  8 endoplasms
  3 giant cockroaches
  4 goblins
  5 hobgoblins
  5 jackals
  3 quokkas
  9 kobolds
  5 rats
63 creatures vanquished.

Notes
Turn   | Place    | Note
-------+----------+-------------------------------------------
     0 | D:1      | adizb the Gnoll Monk began the quest for the Orb.
     0 | D:1      | Reached XP level 1. HP: 23/23 MP: 1/1
   181 | D:1      | Reached XP level 2. HP: 26/29 MP: 2/2
   820 | D:2      | Reached XP level 3. HP: 35/35 MP: 3/3
   873 | D:2      | Reached skill level 1 in Invocations
  1172 | D:2      | Reached skill level 1 in Long Blades
  1172 | D:2      | Reached skill level 1 in Axes
  1172 | D:2      | Reached skill level 1 in Maces & Flails
  1172 | D:2      | Reached skill level 1 in Polearms
  1172 | D:2      | Reached skill level 1 in Staves
  1172 | D:2      | Reached skill level 1 in Ranged Weapons
  1172 | D:2      | Reached skill level 1 in Throwing
  1172 | D:2      | Reached skill level 1 in Armour
  1172 | D:2      | Reached skill level 1 in Stealth
  1172 | D:2      | Reached skill level 1 in Shields
  1172 | D:2      | Reached skill level 1 in Unarmed Combat
  1172 | D:2      | Reached skill level 1 in Spellcasting
  1172 | D:2      | Reached skill level 1 in Evocations
  1724 | D:2      | Found Asaas's Assorted Antiques.
  1733 | D:2      | Bought a scroll labelled QACEOMMOUFF for 23 gold pieces
  1733 | D:2      | Bought a scroll labelled NOAZE LACKAM for 23 gold pieces
  1733 | D:2      | Bought a scroll labelled MITIUHYN QAGEU for 23 gold pieces
  1733 | D:2      | Bought a bubbling clear potion for 20 gold pieces
  1961 | D:3      | Reached XP level 4. HP: 41/41 MP: 5/5
  2153 | D:3      | Found Imidibyo's Magic Scroll Shoppe.
  2330 | D:3      | Reached skill level 1 in Conjurations
  2330 | D:3      | Reached skill level 1 in Hexes
  2330 | D:3      | Reached skill level 1 in Summonings
  2330 | D:3      | Reached skill level 1 in Necromancy
  2330 | D:3      | Reached skill level 1 in Translocations
  2330 | D:3      | Reached skill level 1 in Transmutations
  2330 | D:3      | Reached skill level 1 in Fire Magic
  2330 | D:3      | Reached skill level 1 in Ice Magic
  2330 | D:3      | Reached skill level 1 in Air Magic
  2330 | D:3      | Reached skill level 1 in Earth Magic
  2330 | D:3      | Reached skill level 1 in Poison Magic
  2494 | D:4      | Found a shadowy altar of Dithmenos.
  2504 | D:4      | Found a snail-covered altar of Cheibriados.
  2513 | D:4      | Became a worshipper of Dithmenos the Shadowed
  2513 | D:4      | Reached * piety under Dithmenos
  2513 | D:4      | Reached ** piety under Dithmenos
  2610 | D:4      | Found a sacrificial altar of Ru.
  2653 | D:4      | Reached XP level 5. HP: 28/47 MP: 5/7
  2745 | D:4      | Noticed Eustachio
  2759 | D:4      | HP: 2/47 [white imp/puff of frost[Eustachio] (8)]
  2761 | D:4      | Slain by an iron imp

Illustrated notes

Levels and vault maps discovered:
D:1:      giann_wishing_wells, layout_basic
D:2:      layout_basic, serial_shops, shop, serial_rivers,
          chequers_serial_rivers_micro_a, chequers_serial_rivers_large_a,
          chequers_serial_rivers_micro_b, chequers_serial_rivers_micro_d,
          chequers_serial_rivers_small_a, chequers_serial_rivers_micro_d,
          kennysheep_potato
D:3:      layout_basic, serial_shops, shop
D:4:      layout_loops_ring, nicolae_overflow_hidden_temple, minitemple,
          hangedman_abyss_or_decor_stagger, uniq_eustachio

Skill      XL: |  1  2  3  4 |
---------------+-------------+-----
Invocations    | 1 |  1.8
Long Blades    | 1 |  1.6
Axes           | 1 |  1.6
Maces & Flails | 1 |  1.6
Polearms       | 1 |  1.6
Staves         | 1 |  1.6
Ranged Weapons | 1 |  1.6
Throwing       | 1 |  1.6
Armour         | 1 |  1.6
Stealth        | 1 |  1.6
Shields        | 1 |  1.6
Unarmed Combat | 1 |  1.6
Spellcasting   | 1 |  1.6
Evocations     | 1 |  1.6
Conjurations   | 1 |  1.2
Hexes          | 1 |  1.2
Summonings     | 1 |  1.2
Necromancy     | 1 |  1.2
Translocations | 1 |  1.2
Transmutations | 1 |  1.2
Fire Magic     | 1 |  1.2
Ice Magic      | 1 |  1.2
Air Magic      | 1 |  1.2
Earth Magic    | 1 |  1.2
Poison Magic   | 1 |  1.2
Fighting       | |  6.7
Short Blades   | |  6.7
Dodging        | |  6.7

Action                     |  1- 3 |  4- 6 || total
---------------------------+-------+-------++-------
  Melee: Short sword       |   116 |    90 ||   206
         Bite              |    14 |    14 ||    28
  Throw: Dart              |    31 |    33 ||    64
    Use: Scroll            |     1 |       ||     1
         Potion            |       |     1 ||     1
   Stab: Invisible         |       |     1 ||     1
 Armour: Robe              |    10 |       ||    10
         Scale mail        |     3 |    23 ||    26
  Dodge: Dodged            |    54 |    38 ||    92
